 Dungeon Crawl Stone Soup version 0.28.0-1-gb440e238dd (webtiles) character file.

Game seed: 10139200880480239122

108 Conn the Firebug (level 4, 0/24 (27) HPs)
             Began as an Octopode Fire Elementalist on Feb 19, 2022.
             Slain by a wight (15 damage)
             ... on level 3 of the Dungeon.
             The game lasted 00:04:53 (2923 turns).

Conn the Firebug (Octopode Fire Elementalist)       Turns: 2923, Time: 00:04:53

HP:   0/24 (27)     AC:  1    Str:  7    XL:     4   Next: 87%
MP:   0/8           EV: 13    Int: 19    God:
Gold: 174           SH:  0    Dex: 12    Spells: 7/8 levels left

rFire   . . .      SeeInvis .   l - +1 short sword (vamp)
rCold   . . .      Faith    .   (no shield)
rNeg    . . .      Spirit   .   (helmet restricted)
rPois   +          Reflect  .   (no amulet)
rElec   .          Harm     .   i - ring of poison resistance
rCorr   .          Rampage  .   (no ring)
Will    .....                   (no ring)
Stlth   +++.......              (no ring)
HPRegen 0.08/turn               (no ring)
MPRegen 0.11/turn               (no ring)
                                (no ring)
                                (no ring)

@: heavily drained
A: almost no armour, amphibious, 8 rings, camouflage 1, gelatinous body 1,
(nimble swimmer 1), tentacles, mutation resistance 1
a: no special abilities


You were on level 3 of the Dungeon.
You visited 1 branch of the dungeon, and saw 4 of its levels.

You collected 174 gold pieces.

Inventory:

Hand Weapons
 g - a +0 short sword
 l - a +1 vampiric short sword (weapon)
 r - a +2 hand crossbow of freezing
Missiles
 c - 3 javelins
 t - 9 bolts
Jewellery
 i - a ring of poison resistance (left tentacle)
Scrolls
 a - 2 scrolls of vulnerability {unknown}
 d - 2 scrolls of amnesia {unknown}
 f - a scroll of identify {unknown}
 h - 2 scrolls of teleportation {unknown}
 k - a scroll of fog {unknown}
 m - a scroll of silence {unknown}
 n - a scroll of fear {unknown}
 p - a scroll of immolation {unknown}
 q - 2 scrolls of magic mapping {unknown}
 s - a scroll of enchant weapon {unknown}
Potions
 b - a potion of degeneration {unknown}
 e - 2 potions of heal wounds {unknown}
 j - a potion of attraction {unknown}
 o - a potion of haste {unknown}
 u - a potion of lignification {unknown}
 v - a potion of cancellation {unknown}


   Skills:
 + Level 0.3 Fighting
 + Level 2.4 Dodging
 + Level 3.7 Stealth
 + Level 2.7 Spellcasting
 + Level 1.9 Conjurations
 + Level 3.8 Fire Magic


You had 7 spell levels left.
You knew the following spells:

 Your Spells              Type           Power      Damage    Failure   Level
a - Foxfire               Conj/Fire      52%        2x1d6     4%          1

Your spell library contained the following spells:

 Spells                   Type           Power      Damage    Failure   Level
 Scorch                   Fire           34%        2d7       4%          2
 Conjure Flame            Conj/Fire      13%        6-21      14%         3
 Slow                     Hex            8%         N/A       16%         1
 Inner Flame              Hex/Fire       9%         N/A       22%         3
 Corpse Rot               Necr/Air       4%         N/A       24%         2
 Ensorcelled Hibernation  Hex/Ice        4%         N/A       24%         2
 Passwall                 Tmut/Erth      1%         N/A       24%         2
 Poisonous Vapours        Pois/Air       4%         N/A       24%         2
 Confusing Touch          Hex            2%         N/A       43%         3
 Swiftness                Air            2%         N/A       43%         3
 Vampiric Draining        Necr           2%         2d6       43%         3
 Flame Wave               Conj/Fire      13%        2d6       43%         4


Dungeon Overview and Level Annotations

Branches:
Dungeon (4/15)
 Temple: D:4-7

Altars:

Shops:
D:3 *


Innate Abilities, Weirdness & Mutations

You cannot wear most types of armour.
You are amphibious.
You can wear up to eight rings at the same time.
Your skin changes colour to match your surroundings (Stealth+).
Your rubbery body absorbs attacks. (AC +1, EV +1)
((You are camouflaged when in or above water. (Stealth+)))
You have tentacles for arms and can constrict up to eight enemies at once.
You are somewhat resistant to further mutation.


Message History

The wight is heavily damaged.
The foxfire hits the wight but does no damage.
The wight is heavily damaged.
The wight hits you with a +0 mace!
You feel drained.
Casting: Foxfire (safe; 4% risk of failure)
Confirm with . or Enter, or press ? or * to list all spells.
You conjure some foxfire!
The foxfire hits the wight but does no damage.
The wight is heavily damaged.
The foxfire hits the wight.
The wight is heavily damaged.
The wight misses you.
The foxfire hits the wight but does no damage.
The wight is heavily damaged.
The foxfire hits the wight.
The wight is almost destroyed.
Unknown command.
Casting: Foxfire (safe; 4% risk of failure)
Confirm with . or Enter, or press ? or * to list all spells.
You conjure some foxfire!
The wight hits you with a +0 mace.
You feel drained.
Unknown command.
Unknown command.
Casting: Foxfire (safe; 4% risk of failure)
Confirm with . or Enter, or press ? or * to list all spells.
You conjure some foxfire!
The foxfire hits the wight but does no damage.
The wight is almost destroyed.
The foxfire hits the wight but does no damage.
The wight is almost destroyed.
The wight closely misses you.
The foxfire hits the wight but does no damage.
The wight is almost destroyed.
The foxfire hits the wight but does no damage.
The wight is almost destroyed.
Unknown command.
Casting: Foxfire (safe; 4% risk of failure)
Confirm with . or Enter, or press ? or * to list all spells.
You conjure some foxfire!
The wight hits you with a +0 mace!
Ouch! That really hurt!
You die...

############ ##..........##
##.....>......##
#........v.....#
#.(.....ยง.@....#######
##.........zv...#.....##
#.........>............##
#........(..............#
#.#....<................# ##
#..#..........#.........###.
##.###.###..###.........#...
#..##....................##
##.#...................###


You could see a wight (ally target).

Vanquished Creatures
  A hound zombie (D:3)
  3 adders (D:2)
  A dart slug (D:3)
  2 orcs (D:3)
  5 ball pythons
  A bat (D:1)
  8 endoplasms
  4 giant cockroaches
  6 hobgoblins
  8 jackals (D:1)
  2 quokkas
  4 frilled lizards
  5 goblins
  5 kobolds
  4 rats
59 creatures vanquished.

Vanquished Creatures (others)
  169 foxfires
  A fungus (D:2)
  A plant (D:2)
171 creatures vanquished.

Grand Total: 230 creatures vanquished

Notes
Turn   | Place    | Note
-------+----------+-------------------------------------------
     0 | D:1      | Conn the Octopode Fire Elementalist began the quest for the
                  | Orb.
     0 | D:1      | Reached XP level 1. HP: 11/11 MP: 3/3
   116 | D:1      | Gained mutation: You are somewhat resistant to further
                  | mutation. [potion of mutation]
   119 | D:1      | Reached XP level 2. HP: 5/17 MP: 0/5
   629 | D:1      | Reached XP level 3. HP: 13/21 MP: 0/6
  1747 | D:2      | Found a faded altar of an unknown god.
  1779 | D:2      | Reached XP level 4. HP: 27/27 MP: 4/7
  2074 | D:3      | Found Lumn's Assorted Antiques.
  2906 | D:4      | Noticed a bullfrog
  2923 | D:3      | Slain by a wight

Illustrated notes

Levels and vault maps discovered:
D:1:      minmay_arrival_four_houses, layout_basic, minmay_tall_x
D:2:      layout_basic, shapermc_ecumenical_altar_mp_urbaneastern
D:3:      layout_rooms, serial_shops, shop_statue, kennysheep_crisscross,
          minivault_5, minmay_pentangle
D:4:      layout_cave_pools, gammafunk_ghost_split, uniq_natasha, uniq_pikel,
          uniq_sigmund, uniq_eustachio

Skill      XL: |  1 |
---------------+----+-----
Stealth        | 3 |  3.7
Fighting       | |  0.3
Dodging        | |  2.4
Spellcasting   | |  2.7
Conjurations   | |  1.9
Fire Magic     | |  3.8

Action                   |  1- 3 |  4- 6 || total
-------------------------+-------+-------++-------
Melee: Unarmed           |    11 |       ||    11
       Constrict         |    10 |     4 ||    14
       Tentacles         |     4 |     2 ||     6
       Short sword       |    16 |    17 ||    33
       Punch             |       |     1 ||     1
 Cast: Foxfire           |    68 |    30 ||    98
  Use: Potion            |     1 |       ||     1
 Stab: Sleeping          |     2 |     4 ||     6
Armor: Skin              |     3 |     4 ||     7
Dodge: Dodged            |    29 |    12 ||    41
